 Dungeon Crawl Stone Soup version 0.19.5 (webtiles) character file.

19742 greprep the Unseen (level 12, -10/60 HPs)
             Began as a Spriggan Enchanter on May 12, 2017.
             Was a Priest of Ashenzari.
             Killed from afar by Azrael (36 damage)
             ... with damnation
             ... on level 2 of the Orcish Mines.
             The game lasted 01:10:42 (20864 turns).

greprep the Unseen (Spriggan Enchanter)            Turns: 20864, Time: 01:10:42

Health: -10/60     AC:  7    Str:  4    XL:     12   Next: 39%
Magic:  33/34      EV: 22    Int: 17    God:    Ashenzari [***...]
Gold:   785        SH: 12    Dex: 21    Spells: 8 memorised, 7 levels left

rFire  + . .     SeeInvis +     q - +3 dagger (flame) (curse)
rCold  . . .     Gourm    .     b - +2 robe {rF+}
rNeg   . . .     Faith    .     h - +3 buckler (curse)
rPois  .         Spirit   .     (helmet restricted)
rElec  .         Reflect  .     j - +2 cloak (curse)
rCorr  .         Harm     .     (gloves unavailable)
MR     ++...                    (boots unavailable)
Stlth  +++++++...               (no amulet)
                                D - ring of stealth
                                x - ring of magical power (curse)

@: repel missiles, very quick
A: unfitting armour, see invisible, herbivore 3, speed 3, slow metabolism 2
a: Curse Item, Scrying, Renounce Religion


You were on level 2 of the Orcish Mines.
You worshipped Ashenzari.
Ashenzari was most pleased with you.
You were not hungry.

You visited 3 branches of the dungeon, and saw 13 of its levels.

You collected 1208 gold pieces.
You spent 423 gold pieces at shops.

Inventory:

Hand Weapons
 q - a cursed +3 dagger of flaming (weapon)
 v - a +2 dagger of protection
 z - the +7 dagger "Miket" {pain, rPois rN+ Int+4}
   (You bought it in a shop on level 2 of the Orcish Mines)

   In the hands of one skilled in necromantic magic, it inflicts extra damage on
   living creatures.
   It affects your intelligence (+4).
   It protects you from poison.
   It protects you from negative energy.
Missiles
 J - 2 silver tomahawks (quivered)
Armour
 b - a +2 robe of fire resistance (worn)
 h - a cursed +3 buckler (worn)
 j - a cursed +2 cloak (worn)
 N - a +1 robe of cold resistance
Jewellery
 f - an uncursed ring of resist corrosion
 m - an uncursed ring of protection from cold
 x - a cursed ring of magical power (left hand)
 y - an uncursed ring of flight
 D - a ring of stealth (right hand)
 E - an uncursed ring of wizardry
Wands
 a - a wand of heal wounds (4/9)
 C - a wand of slowing (15/48)
 G - a wand of lightning (10/15)
 K - a wand of slowing (43/48)
Scrolls
 d - a scroll of fear
 t - 4 scrolls of teleportation
 B - 2 scrolls of recharging
Potions
 e - 3 potions of lignification
 i - 3 potions of ambrosia
 k - 2 potions of heal wounds
 n - 2 potions of brilliance
 o - a potion of flight
 p - a potion of agility
 r - a potion of curing
 u - a potion of might
 w - 2 potions of cancellation
 A - a potion of beneficial mutation {unknown}
 I - 2 potions of resistance
 L - a potion of haste
 M - a potion of berserk rage {unknown}
 P - a potion of magic {unknown}
Books
 c - a book of Maledictions

   Spells                             Type                      Level
   a - Corona                         Hexes                        1
   b - Ensorcelled Hibernation        Hexes/Ice                    2
   c - Confuse                        Hexes                        3
   d - Tukima's Dance                 Hexes                        3
   e - Dazzling Spray                 Conjuration/Hexes            3
 g - a book of Necromancy

   Spells                             Type                      Level
   a - Pain                           Necromancy                   1
   b - Animate Skeleton               Necromancy                   1
   c - Vampiric Draining              Necromancy                   3
   d - Regeneration                   Charms/Necromancy            3
   e - Animate Dead                   Necromancy                   4
   f - Control Undead                 Necromancy                   4
 l - a book of Flames

   Spells                             Type                      Level
   a - Flame Tongue                   Conjuration/Fire             1
   b - Throw Flame                    Conjuration/Fire             2
   c - Conjure Flame                  Conjuration/Fire             3
   d - Inner Flame                    Hexes/Fire                   3
   e - Sticky Flame                   Conjuration/Fire             4
   f - Fireball                       Conjuration/Fire             5
 Q - a book of Minor Magic

   Spells                             Type                      Level
   a - Magic Dart                     Conjuration                  1
   b - Blink                          Translocation                2
   c - Call Imp                       Summoning                    2
   d - Repel Missiles                 Charms/Air                   2
   e - Slow                           Hexes                        2
   f - Conjure Flame                  Conjuration/Fire             3
   g - Mephitic Cloud                 Conjuration/Poison/Air       3
Comestibles
 s - 4 bread rations


   Skills:
 * Level 5.8 Fighting
 * Level 7.4(10.4) Short Blades
 * Level 5.5 Armour
 + Level 5.4 Dodging
 * Level 15.4 Stealth
 * Level 5.0(6.8) Shields
 + Level 8.4 Spellcasting
 + Level 0.1 Conjurations
 + Level 7.9 Hexes
 * Level 3.1 Necromancy
 + Level 2.4 Fire Magic
 + Level 3.5 Ice Magic
 + Level 0.6 Poison Magic


You had 7 spell levels left.
You knew the following spells:

 Your Spells              Type           Power        Failure   Level  Hunger
a - Corona                Hex            ####...      1%          1    None
b - Ensorcelled Hibernat  Hex/Ice        ####..       1%          2    None
c - Confuse               Hex            ####....     1%          3    #......
d - Mephitic Cloud        Conj/Pois/Air  #.......     30%         3    #......
e - Throw Flame           Conj/Fire      ##....       12%         2    None
f - Control Undead        Necr           ###.......   30%         4    ###....
g - Tukima's Dance        Hex            ####....     1%          3    #......
h - Repel Missiles        Chrm/Air       #.....       17%         2    None


Dungeon Overview and Level Annotations

Branches:
Dungeon (10/15)            Temple (1/1) D:4             Orc (2/2) D:10
    Elf (0/3) Orc:2
   Lair: D:8-11

Altars:
Ashenzari
Cheibriados
Dithmenos
Elyvilon
Fedhas
Gozag
Hepliaklqana
Kikubaaqudgha
Makhleb
Nemelex Xobeh
Okawaru
Qazlal
Ru
Sif Muna
Trog
Uskayaw
Vehumet
Xom
Yredelemnul
Zin
The Shining One
Beogh

Shops:
D:6 =   Orc:2 *[(=

Annotations:
Orc:2 Azrael


Innate Abilities, Weirdness & Mutations

You are very small and have problems with some larger weapons.
You are too small for most types of armour.
You have supernaturally acute eyesight. (SInv)
You are a herbivore.
You cover ground extremely quickly.
You need consume almost no food.


Message History

The orc warrior resists with significant effort.
The orc warrior misses you.
Casting: Ensorcelled Hibernation
Confirm with . or Enter, or press ? or * to list all spells.
Aiming: Ensorcelled Hibernation
Press: ? - help, Shift-Dir - straight line, f/p - orc warrior
Aim: an orc warrior, wielding a hand axe and wearing a chain mail (chance to defeat MR: 55%)
The orc warrior looks drowsy...
The helpless orc warrior fails to defend itself.
You spit the orc warrior like a pig!!!! You burn the orc warrior!
You kill the orc warrior!
There is an entrance to Dechet's Jewellery Shoppe here.
You start resting.
You start to feel less resistant.
You start resting.
Your resistance to elements expires.
Azrael gestures at you.
The sphere of damnation explodes!
The damnation engulfs you!
Ouch! That really hurt!
You die...

..##.###.....(..).(###.)..<.##
....#####.E§.§§§§[######.....#
#.#...8..§.§E..§§.§[.8..[...##
##.........§R.E........[[[.##
##.......h..._......[..)..##
#.......................###
##.#..8..............8.##
#...#####.....)...###### ##.#
*#........@..## #.. *
#...#.....#...## #..
#...##.....##...##
##.,#...#*#8...8###...# ,,
#∩.# #.....#,##.∩# , ***
#.....#, #### ........
.......,,, , * , * , ,, **


You could see Azrael, 3 fire elementals and a hell hound (wandering).

Vanquished Creatures
  An orc warlord (Orc:2)
  Fannar (D:10)
  Erolcha (Orc:1)
  Erica (Orc:1)
  An orc high priest (Orc:2)
  A hill giant (D:10)
  4 orc knights
  The ghost of edgar the Nimble, a novice SpWr (D:8)
  4 orc sorcerers
  4 trolls
  A two-headed ogre (Orc:1)
  A hippogriff (D:8)
  Sigmund (D:5)
  6 yaks (D:9)
  A hungry ghost (D:10)
  3 wargs
  Edmund (D:5)
  2 hell hounds (Orc:2)
  27 orc warriors
  2 sky beasts
  A necrophage (D:9)
  6 ice beasts
  5 phantoms
  10 ogres
  2 centaurs
  3 bullfrogs
  9 killer bees
  5 scorpions
  12 wights
  3 howler monkeys
  A quasit (D:6)
  9 crimson imps
  6 hounds
  18 orc wizards
  A centaur zombie (D:5)
  Crazy Yiuf (D:7)
  A centaur skeleton (D:9)
  A gnoll shaman (D:6)
  3 jellies
  A bullfrog skeleton (D:9)
  14 orc priests
  3 iguanas
  Ijyb (D:3)
  5 worker ants
  6 ogre zombies (D:10)
  2 hound zombies
  3 howler monkey skeletons
  23 gnolls
  7 adders
  A shadow imp (D:6)
  2 adder zombies (D:9)
  3 dart slugs
  5 leopard geckos
  64 orcs
  4 ball pythons
  3 giant cockroaches
  4 goblins
  4 hobgoblins
  20 jackals
  6 kobolds
  6 quokkas
  5 bats
  4 frilled lizards
  4 goblin zombies (D:10)
  A hobgoblin zombie (D:10)
  A jackal skeleton (D:4)
  4 orc skeletons (D:10)
  9 orc zombies (D:10)
  7 rats
  A fungus (D:7)
384 creatures vanquished.

Vanquished Creatures (others)
  A fire elemental (Orc:2)
  An orc priest (Orc:2)
  An orc (Orc:1)
  A hobgoblin zombie (D:10)
4 creatures vanquished.

Grand Total: 388 creatures vanquished

Notes
Turn   | Place    | Note
-------+----------+-------------------------------------------
     0 | D:1      | greprep the Spriggan Enchanter began the quest for the Orb.
     0 | D:1      | Reached XP level 1. HP: 9/9 MP: 5/5
   508 | D:1      | Reached XP level 2. HP: 13/13 MP: 6/6
   521 | D:1      | Learned a level 2 spell: Ensorcelled Hibernation
  1314 | D:2      | Reached skill level 5 in Stealth
  1314 | D:2      | Reached XP level 3. HP: 12/16 MP: 0/8
  1390 | D:2      | Learned a level 3 spell: Confuse
  1954 | D:2      | Reached XP level 4. HP: 21/21 MP: 4/9
  2582 | D:2      | Reached skill level 1 in Fighting
  3240 | D:3      | Noticed Ijyb
  3265 | D:3      | Killed Ijyb
  3340 | D:3      | Found an ancient bone altar of Kikubaaqudgha.
  3444 | D:3      | Reached XP level 5. HP: 24/25 MP: 11/11
  4052 | D:4      | Reached skill level 6 in Stealth
  4390 | D:4      | Reached skill level 1 in Shields
  4390 | D:4      | Reached XP level 6. HP: 14/30 MP: 1/12
  4421 | D:4      | Reached skill level 1 in Armour
  4631 | D:4      | Found a staircase to the Ecumenical Temple.
  4655 | Temple   | Entered the Ecumenical Temple
  4684 | Temple   | Became a worshipper of Ashenzari the Shackled
  5183 | D:4      | Reached XP level 7. HP: 35/35 MP: 3/14
  5570 | D:4      | Reached skill level 7 in Stealth
  5570 | D:4      | Reached skill level 1 in Ice Magic
  6094 | D:5      | Entered Level 5 of the Dungeon
  6298 | D:5      | Identified the +5 mace of the Thing {flame, Str+2}
  6577 | D:5      | Reached * piety under Ashenzari
  6877 | D:5      | Reached XP level 8. HP: 32/39 MP: 6/16
  7385 | D:5      | Reached skill level 8 in Stealth
  7439 | D:5      | Reached skill level 5 in Spellcasting
  7470 | D:5      | Noticed Sigmund
  7481 | D:5      | Killed Sigmund
  7528 | D:5      | Noticed Edmund
  7538 | D:5      | Killed Edmund
  7538 | D:5      | Reached skill level 5 in Hexes
  8149 | D:6      | Found a shadowy altar of Dithmenos.
  8345 | D:6      | Reached ** piety under Ashenzari
  8364 | D:6      | Found Zat Fant's Jewellery Shoppe.
  8367 | D:6      | Bought an uncursed ring of magical power for 220 gold pieces
  8443 | D:6      | Reached skill level 9 in Stealth
  9732 | D:7      | Reached XP level 9. HP: 44/44 MP: 18/18
 10143 | D:7      | Identified the +8 whip "Hetiwkin" {antimagic, Dex+4}
 10277 | D:7      | Reached skill level 10 in Stealth
 10672 | D:7      | Found a runed door.
 10676 | D:7      | Noticed Crazy Yiuf
 10680 | D:7      | Killed Crazy Yiuf
 11051 | D:8      | Noticed edgar's ghost (novice SpWr)
 11090 | D:8      | Reached skill level 5 in Short Blades
 11151 | D:8      | Found a glowing silver altar of Zin.
 11169 | D:8      | Reached skill level 5 in Dodging
 11265 | D:8      | Found a stormy altar of Qazlal.
 11265 | D:8      | Found a blossoming altar of Fedhas.
 11588 | D:8      | Learned a level 2 spell: Throw Flame
 11620 | D:8      | Reached skill level 11 in Stealth
 12145 | D:8      | Killed edgar's ghost
 12145 | D:8      | Reached XP level 10. HP: 44/49 MP: 20/20
 12234 | D:8      | Found a basalt altar of Yredelemnul.
 12234 | D:8      | Found an iron altar of Okawaru.
 12234 | D:8      | Found a burning altar of Makhleb.
 12236 | D:8      | Found a bloodstained altar of Trog.
 12237 | D:8      | Found a hide-covered altar of Uskayaw.
 12556 | D:9      | Reached skill level 1 in Fire Magic
 12791 | D:9      | Reached *** piety under Ashenzari
 12813 | D:9      | Reached skill level 12 in Stealth
 14146 | D:10     | Entered Level 10 of the Dungeon
 14157 | D:10     | Noticed Fannar
 14161 | D:10     | Killed Fannar
 14161 | D:10     | Reached skill level 13 in Stealth
 14176 | D:10     | Found a staircase to the Orcish Mines.
 14242 | D:10     | Noticed a hill giant
 14449 | D:10     | Killed a hill giant
 14665 | D:10     | Noticed an orc sorcerer
 14708 | D:10     | Reached XP level 11. HP: 54/54 MP: 9/22
 14714 | D:10     | Killed an orc sorcerer
 15719 | D:10     | Learned a level 3 spell: Mephitic Cloud
 16018 | D:10     | Learned a level 4 spell: Control Undead
 16035 | Orc:1    | Entered Level 1 of the Orcish Mines
 16035 | Orc:1    | Noticed an orc sorcerer
 16036 | Orc:1    | Noticed an orc knight
 16436 | D:10     | Killed an orc knight
 16958 | D:10     | Reached skill level 5 in Armour
 17153 | Orc:1    | Killed an orc sorcerer
 17153 | Orc:1    | Reached skill level 1 in Necromancy
 17234 | Orc:1    | Reached skill level 14 in Stealth
 17323 | Orc:1    | Noticed Erolcha
 17328 | Orc:1    | Killed Erolcha
 17525 | Orc:1    | Reached skill level 5 in Fighting
 17718 | Orc:1    | Noticed Erica
 17725 | Orc:1    | Killed Erica
 18136 | Orc:2    | Entered Level 2 of the Orcish Mines
 18151 | Orc:2    | Noticed an orc knight
 18156 | Orc:2    | Noticed an orc sorcerer
 18159 | Orc:2    | Found a roughly hewn altar of Beogh.
 18159 | Orc:2    | Noticed an orc sorcerer
 18159 | Orc:2    | Noticed an orc high priest
 18161 | Orc:2    | Killed an orc knight
 18162 | Orc:2    | Noticed an orc warlord
 18162 | Orc:2    | Noticed an orc knight
 18163 | Orc:2    | Found Caesaud's Antique Weapon Shoppe.
 18553 | Orc:2    | Killed an orc high priest
 18692 | Orc:2    | Reached XP level 12. HP: 60/60 MP: 24/25
 19041 | Orc:1    | Learned a level 3 spell: Tukima's Dance
 19054 | Orc:2    | HP: 3/60 [orc warlord/bardiche (29)]
 19476 | Orc:2    | Reached skill level 15 in Stealth
 19710 | Orc:2    | Learned a level 2 spell: Repel Missiles
 20147 | Orc:2    | Found Dukem's General Store.
 20428 | Orc:2    | Killed an orc warlord
 20663 | Orc:2    | Bought a jewelled dagger for 203 gold pieces
 20663 | Orc:2    | Identified the +7 dagger "Miket" {pain, rPois rN+ Int+4} (You bought it in a shop on level 2 of the Orcish Mines)
 20740 | Orc:2    | Found a staircase to the Elven Halls.
 20752 | Orc:2    | Noticed Azrael
 20809 | Orc:2    | Reached skill level 5 in Shields
 20830 | Orc:2    | Found Urocs's Antique Armour Shoppe.
 20834 | Orc:2    | Found Dechet's Jewellery Shoppe.
 20864 | Orc:2    | Killed from afar by Azrael

Skill      XL: |  1  2  3  4  5  6  7  8  9 10 11 12 |
---------------+-------------------------------------+-----
Stealth        | 5 6 7 9 11 13 14 15 | 15.4
Hexes          | 4 5 6 7 |  7.9
Spellcasting   | 3 4 5 6 7 8 |  8.4
Fighting       | 1 2 3 4 5 |  5.8
Short Blades   | 2 3 4 5 6 7 |  7.4
Shields        | 1 2 3 4 5 |  5.0
Armour         | 1 2 3 4 5 |  5.5
Dodging        | 4 5 |  5.4
Ice Magic      | 1 2 3 |  3.5
Fire Magic     | 2 |  2.4
Necromancy     | 2 3 |  3.1
Conjurations   | |  0.1
Poison Magic   | |  0.6

Action                   |  1- 3 |  4- 6 |  7- 9 | 10-12 || total
-------------------------+-------+-------+-------+-------++-------
Melee: Dagger            |   135 |   176 |   473 |   452 ||  1236
 Cast: Corona            |     5 |     1 |     2 |       ||     8
       Ensorcelled Hiber |    15 |    33 |   123 |   182 ||   353
       Confuse           |     3 |     5 |    32 |    73 ||   113
       Throw Flame       |       |       |     4 |     5 ||     9
       Mephitic Cloud    |       |       |       |     6 ||     6
       Tukima's Dance    |       |       |       |    16 ||    16
       Repel Missiles    |       |       |       |     1 ||     1
Invok: Curse Item        |       |       |     4 |       ||     4
       Scrying           |       |       |     1 |       ||     1
Evoke: Wand              |       |       |     1 |       ||     1
  Use: Scroll            |       |    12 |    11 |     4 ||    27
       Potion            |       |     4 |       |     5 ||     9
 Stab: Sleeping          |    10 |    22 |    62 |   115 ||   209
       Confused          |     2 |       |    14 |    30 ||    46
       Invisible         |       |     4 |       |       ||     4
       Distracted        |       |       |     4 |     7 ||    11
  Eat: Bread ration      |       |     1 |     2 |     1 ||     4
       Royal jelly       |       |       |     1 |     1 ||     2
       Pizza             |       |       |       |     1 ||     1
Armor: Robe              |    20 |    11 |    26 |    20 ||    77
Dodge: Dodged            |   102 |   146 |   230 |   190 ||   668
       Deflected         |       |       |       |     1 ||     1
Block: Buckler           |    34 |    65 |   137 |   181 ||   417
